 Dungeon Crawl Stone Soup version 0.25-a0-597-gb30770a (webtiles) character file.

Game seed: 10747238024634276902, levelgen mode: deterministic

3542 Faels the Cruncher (level 9, -2/61 HPs)
             Began as a Demonspawn Gladiator on Mar 14, 2020.
             Was a Believer of Okawaru.
             Killed by the air
             ... invoked by Gastronok
              (16 damage)
             ... on level 8 of the Dungeon.
             The game lasted 00:29:08 (11019 turns).

Faels the Cruncher (Demonspawn Gladiator)          Turns: 11019, Time: 00:29:09

Health: -2/61      AC: 14    Str: 20    XL:     9   Next: 82%
Magic:  7/9        EV: 18    Int: 10    God:    Okawaru [**....]
Gold:   12         SH:  0    Dex: 18    Spells: 8/8 levels left

rFire    . . .     SeeInvis .   a - +3 quarterstaff
rCold    + . .     Gourm    .   (shield currently unavailable)
rNeg     + + .     Faith    .   I - +5 ring mail "Ovvutz" {rN++ MR+++ Slay-4}
rPois    +         Spirit   .   c - +0 helmet
rElec    .         Reflect  .   (no cloak)
rCorr    .         Harm     .   u - +0 pair of gloves
MR       +++..                  x - +0 pair of boots
Stlth    +++.......             (no amulet)
HPRegen  0.20/turn              D - +2 ring of dexterity
MPRegen  0.11/turn              G - ring of poison resistance

@: heroism
A: thin skeletal structure 1, blurry vision 1, cold resistance 1, foul stench 1,
strong 1, rot immunity, freezing cloud immunity
a: Heroism, Renounce Religion


You were on level 8 of the Dungeon.
You worshipped Okawaru.
Okawaru was pleased with you.
You were not hungry.

You visited 2 branches of the dungeon, and saw 10 of its levels.

You collected 327 gold pieces.
You spent 315 gold pieces at shops.

Inventory:

Hand Weapons
 a - a +3 quarterstaff (weapon)
 m - a +0 spear
 o - a +0 scythe of venom
 F - a cursed +0 mace
 J - a +3 dagger of venom
 K - a +0 dagger of venom
 M - a +4 war axe of freezing
Missiles
 d - 2 throwing nets
 s - 4 atropa-tipped darts
 v - a boomerang
 B - 3 javelins (quivered)
Armour
 c - a +0 helmet (worn)
 g - a +0 plate armour
 r - a +0 ring mail
 u - a +0 pair of gloves (worn)
 x - a +0 pair of boots (worn)
 y - a +0 chain mail
 A - a +1 robe of fire resistance
 I - the +5 ring mail "Ovvutz" (worn) {rN++ MR+++ Slay-4}
   (You bought it in a shop on level 8 of the Dungeon)

   It affects your accuracy and damage with ranged weapons and melee attacks
   (-4).
   It greatly protects you from negative energy.
   It affects your resistance to hostile enchantments.
Jewellery
 D - a +2 ring of dexterity (left hand)
 G - a ring of poison resistance (right hand)
Wands
 e - a wand of flame (16)
 i - a wand of random effects (17)
 P - a wand of paralysis (10)
 Q - a wand of iceblast (4)
Scrolls
 k - 3 scrolls of amnesia
 p - 2 scrolls of magic mapping
 q - 3 scrolls of remove curse
 t - 2 scrolls of fear
 C - a scroll of immolation
 E - a scroll of enchant armour
 N - a scroll of identify
 R - a scroll of brand weapon {unknown}
Potions
 b - a potion of flight
 h - 3 potions of stabbing
 j - a potion of lignification
 n - 2 potions of cancellation
 w - a potion of brilliance
 z - a potion of magic
Comestibles
 f - 11 rations


   Skills:
 - Level 2.0(7.0) Fighting
 * Level 12.2(17.2) Staves
 - Level 2.0(7.0) Throwing
 - Level 4.8(9.8) Dodging
 - Level 1.2(6.2) Stealth


You had 8 spell levels left.
You didn't know any spells.
Your spell library was empty.

Dungeon Overview and Level Annotations

Branches:
Dungeon (9/15)             Temple (1/1) D:5
   Lair: D:8-11         Orc: D:9-12

Altars:
Ashenzari
Cheibriados
Dithmenos
Elyvilon
Fedhas
Gozag
Hepliaklqana
Kikubaaqudgha
Makhleb
Nemelex Xobeh
Okawaru
Qazlal
Ru
Sif Muna
Trog
Uskayaw
Vehumet
Wu Jian
Xom
Yredelemnul
Zin
The Shining One

Shops:
D:4 *   D:8 [[*[

Annotations:
D:8 2 transporters, Gastronok, Harold


Innate Abilities, Weirdness & Mutations

You have a somewhat thin skeletal structure. (Dex +2, Stealth)
Your flesh is cold resistant. (rC+)
You may emit foul miasma when damaged in melee.
You are immune to rotting.
You are immune to freezing clouds.
Scrolls take you a little longer to read.
Your muscles are strong. (Str +2)


Message History

The air twists around and strikes you!!
Okay, then.
You hit Gastronok.
Gastronok is moderately wounded.
You thump Gastronok!
Gastronok is heavily wounded.
You sock Gastronok!
Gastronok is heavily wounded.
Gastronok waves his eye-stalks in wide circles.
The air twists around and strikes you!
* * * LOW HITPOINT WARNING * * *
It was a potion of mutation.
You feel extremely strange.
Your vision blurs.
You feel stronger.
You sock Gastronok!
Gastronok is heavily wounded.
You sock Gastronok!
Gastronok is heavily wounded.
Gastronok waves his eye-stalks in wide circles.
The air twists around and strikes you!
You die...

,,,*...........## #..#
##.. ,,,,......)....#
##.## #..#
,,,,..........## #..#
##..# *,,,.....O..).#
#..####...#
**,,......##..#
##..........
**,.....#*#).#
#....#......
*,....####).##
##...####....
*,........[..######....#
##..#
*,###......##w@##......#
##.. **,*
#####.#####...##..## ##.
**,,* ##.# ##.###..# #.
,**,*****#..# ### #>.#
#. ****,,,,*##.## ##.#
#. * ****** ##.# *.# *,
### *## **


You could see Gastronok.

Vanquished Creatures
  A hippogriff (D:7)
  Sigmund (D:5)
  A wyvern (D:8)
  A water moccasin (D:9)
  An orc warrior (D:8)
  2 black bears
  3 ogres
  2 ice beasts
  4 centaurs
  A bullfrog (D:7)
  2 scorpions
  3 killer bees (D:6)
  3 wights (D:6)
  A howler monkey (D:7)
  3 crimson imps
  A quasit (D:7)
  A bullfrog zombie (D:6)
  3 jellies
  5 orc priests
  7 hounds
  A centaur skeleton (D:6)
  An iguana (D:8)
  4 worker ants
  9 orc wizards
  A killer bee zombie (D:5)
  A hound zombie (D:3)
  A hound skeleton (D:4)
  A worker ant zombie (D:5)
  2 howler monkey zombies
  7 gnolls
  14 adders
  2 shadow imps
  2 oozes
  An adder skeleton (D:7)
  5 worms
  2 dart slugs (D:1)
  6 leopard geckos
  33 orcs
  11 bats
  3 giant cockroaches
  4 goblins
  5 hobgoblins
  6 jackals
  5 quokkas
  A ball python (D:4)
  4 frilled lizards
  A jackal zombie (D:6)
  8 kobolds
  A leopard gecko zombie (D:7)
  2 quokka skeletons
  10 rats
200 creatures vanquished.

Notes
Turn   | Place    | Note
-------+----------+-------------------------------------------
     0 | D:1      | Faels the Demonspawn Gladiator began the quest for the Orb.
     0 | D:1      | Reached XP level 1. HP: 16/16 MP: 1/1
     2 | D:1      | Noticed a human
     2 | D:1      | Noticed a naga
     4 | D:1      | Noticed a halfling
     4 | D:1      | Noticed an elf
     6 | D:1      | Noticed a demigod
     8 | D:1      | Noticed a minotaur
     8 | D:1      | Noticed a dwarf
    10 | D:1      | Noticed a draconian
    10 | D:1      | Noticed a centaur
    12 | D:1      | Noticed a ghoul
    12 | D:1      | Noticed an ogre
    14 | D:1      | Noticed a gargoyle
    14 | D:1      | Noticed a vine stalker
    16 | D:1      | Noticed a spriggan
    18 | D:1      | Noticed a vampire
    18 | D:1      | Noticed a formicid
    20 | D:1      | Noticed a tengu
    20 | D:1      | Noticed a troll
    24 | D:1      | Noticed an octopode
    24 | D:1      | Noticed a merfolk
    26 | D:1      | Noticed a demonspawn
    26 | D:1      | Noticed a felid
    52 | D:1      | Reached skill level 3 in Staves
   176 | D:1      | Gained mutation: Your flesh is cold resistant. (rC+)
                  | [demonic ancestry]
   176 | D:1      | Reached XP level 2. HP: 22/22 MP: 2/2
  1057 | D:1      | Reached XP level 3. HP: 27/27 MP: 3/3
  1429 | D:2      | Reached skill level 4 in Staves
  2179 | D:2      | Gained mutation: You have a somewhat thin skeletal
                  | structure. (Dex +2, Stealth) [demonic ancestry]
  2179 | D:2      | Reached XP level 4. HP: 33/33 MP: 4/4
  2880 | D:3      | Reached XP level 5. HP: 27/38 MP: 5/5
  3251 | D:3      | Found a sparkling altar of Nemelex Xobeh.
  3549 | D:4      | Reached skill level 5 in Staves
  3613 | D:4      | Gained mutation: You are immune to rotting. [demonic
                  | ancestry]
  3613 | D:4      | Reached XP level 6. HP: 18/44 MP: 6/6
  3965 | D:4      | Found a shadowy altar of Dithmenos.
  4407 | D:4      | Found Quiqaeri's General Store.
  4416 | D:4      | Reached skill level 6 in Staves
  4449 | D:4      | Bought a +2 ring of dexterity for 90 gold pieces
  4539 | D:5      | Entered Level 5 of the Dungeon
  4550 | D:5      | Found a staircase to the Ecumenical Temple.
  4605 | Temple   | Entered the Ecumenical Temple
  4810 | D:5      | Noticed Sigmund
  5879 | D:4      | Gained mutation: You may emit foul miasma when damaged in
                  | melee. [demonic ancestry]
  5879 | D:4      | Reached XP level 7. HP: 35/50 MP: 7/7
  6166 | D:5      | Killed Sigmund
  6166 | D:5      | Reached skill level 1 in Stealth
  6463 | D:5      | Reached skill level 7 in Staves
  6887 | D:5      | Found an iron altar of Okawaru.
  6887 | D:5      | Found a white marble altar of Elyvilon.
  6894 | D:5      | Became a worshipper of Warmaster Okawaru
  7023 | D:6      | Gained mutation: You are immune to freezing clouds.
                  | [demonic ancestry]
  7023 | D:6      | Reached XP level 8. HP: 56/56 MP: 8/8
  7276 | D:6      | Reached skill level 8 in Staves
  7787 | D:6      | Reached * piety under Okawaru
  7787 | D:6      | Reached skill level 9 in Staves
  8982 | D:7      | Found a basalt altar of Yredelemnul.
  9073 | D:7      | Reached skill level 10 in Staves
  9096 | D:7      | Noticed a hippogriff
  9097 | D:7      | Reached XP level 9. HP: 47/61 MP: 9/9
  9105 | D:7      | Reached ** piety under Okawaru
  9858 | D:8      | Noticed Harold
  9914 | D:8      | Found Nafedo's Antique Armour Emporium.
 10004 | D:8      | Reached skill level 11 in Staves
 10282 | D:8      | Noticed a glowing orange brain
 10284 | D:8      | Found a transporter.
 10288 | D:8      | Found a transporter.
 10298 | D:8      | Found an ornate altar of the Wu Jian Council.
 10332 | D:8      | Found Iggo's General Store.
 10376 | D:8      | Found Zuoptygi's Antique Armour Shoppe.
 10379 | D:8      | Bought a slimy ring mail for 225 gold pieces
 10389 | D:8      | Identified the +5 ring mail "Ovvutz" {rN++ MR+++ Slay-4}
                  | (You bought it in a shop on level 8 of the Dungeon)
 10506 | D:8      | Found Oshra's Antique Armour Shop.
 10763 | D:8      | Noticed Gastronok
 10793 | D:9      | Reached skill level 12 in Staves
 11017 | D:8      | Gained mutation: Scrolls take you a little longer to read.
                  | [potion of mutation]
 11017 | D:8      | Gained mutation: Your muscles are strong. (Str +2) [potion
                  | of mutation]
 11019 | D:8      | Killed from afar by Gastronok

Levels and vault maps discovered:
D:1:      kb_arrival_jail, layout_loops_ring, roderic_serpentine_path,
          roderic_roman_lattice
D:2:      layout_loops_ring
D:3:      layout_loops_cross, first_ration, nemelex_dance_club_becter
D:4:      layout_gridville, lemuel_doored_altar, serial_shops,
          nicolae_shop_stone
D:5:      layout_loops_cross, amethyst_overflow_temple_binary,
          minmay_temple_entry_drinking_statues, uniq_sigmund
D:6:      layout_basic
D:7:      minmay_inner_zag, layout_basic, basic_altar, hangedman_decor_slide_cut
D:8:      layout_layer_cave, gammafunk_temple_overflow_arena, serial_shops,
          shop, nicolae_shop_statue_plus, nicolae_shop_behind_doors,
          kennysheep_mini, shop, uniq_gastronok, uniq_harold
D:9:      layout_roguey, serial_shops, nicolae_shop_competitors_out_of_business,
          basic_altar, hangedman_ranch [blue_anna_fruit_fields]
Temple:   eino_narrow_crystal_temple

Skill      XL: |  1  2  3  4  5  6  7  8  9 |
---------------+----------------------------+-----
Staves         | 3 4 5 6 7 10 12 | 12.2
Dodging        | 3 4 |  4.8
Throwing       | 2 |  2.0
Stealth        | 1 |  1.2
Fighting       | |  2.0

Action                   |  1- 3 |  4- 6 |  7- 9 || total
-------------------------+-------+-------+-------++-------
Melee: Quarterstaff      |   128 |   197 |   388 ||   713
Throw: Boomerang         |       |    18 |    34 ||    52
       Javelin           |       |    19 |    20 ||    39
       Throwing net      |       |       |     4 ||     4
Invok: Heroism           |       |       |     5 ||     5
Evoke: Wand              |       |       |     4 ||     4
  Use: Scroll            |     2 |    12 |    12 ||    26
       Potion            |       |     4 |    10 ||    14
 Stab: Sleeping          |     1 |     1 |     7 ||     9
  Eat: Chunk             |     4 |     7 |    11 ||    22
       Ration            |       |     2 |     1 ||     3
Armor: Leather armour    |    17 |       |       ||    17
       Ring mail         |    33 |    89 |   113 ||   235
Dodge: Dodged            |   109 |   165 |   263 ||   537

Table legend:
 A = Non-vault XP
 B = Vault XP
 C = Vault XP percentage of total XP
 D = Non-vault monster count
 E = Vault monster count
 F = Vault count percentage of total count
                 A         B        C        D         E       F
            +---------+---------+-------+---------+---------+-------
      Total |    4299 |     762 |  15.1 |     190 |      10 |   5.0
            +---------+---------+-------+---------+---------+-------
        D:1 |      44 |       0 |   0.0 |      26 |       0 |   0.0
        D:2 |      58 |       0 |   0.0 |      20 |       0 |   0.0
        D:3 |     198 |       9 |   4.3 |      20 |       2 |   9.1
        D:4 |     387 |       0 |   0.0 |      32 |       0 |   0.0
        D:5 |     405 |     227 |  35.9 |      17 |       1 |   5.6
        D:6 |    1044 |       0 |   0.0 |      27 |       0 |   0.0
        D:7 |     668 |     526 |  44.1 |      18 |       7 |  28.0
        D:8 |    1216 |       0 |   0.0 |      28 |       0 |   0.0
        D:9 |     279 |       0 |   0.0 |       2 |       0 |   0.0
            +---------+---------+-------+---------+---------+-------
